 Dungeon Crawl Stone Soup version 0.30.1-11-g7821555f0a (webtiles) character file.

Game seed: 3300379334492986905

6712 RancidPinata the Fighter (level 11, -2/73 HPs)
             Began as a Gargoyle Gladiator on Nov 17, 2023.
             Was a High Priest of Okawaru.
             Slain by a fire elemental (4 damage)
             ... summoned by a deep elf pyromancer
             ... on level 8 of the Dungeon.
             The game lasted 00:41:19 (11831 turns).

RancidPinata the Fighter (Gargoyle Gladiator)      Turns: 11831, Time: 00:41:22

Health: -2/73      AC: 15    Str: 21    XL:     11   Next: 3%
Magic:  0/20       EV: 12    Int: 10    God:    Okawaru [*****.]
Gold:   563        SH:  0    Dex: 11    Spells: 10/10 levels left

rFire   + . .        S - +2 flail (protect)
rCold   + . .        (no shield)
rNeg    + . .        B - +2 leather armour {rF+}
rPois   ∞            m - +0 helmet
rElec   +            (no cloak)
rCorr   .            (no gloves)
SInv    .            (no boots)
Will    .....        s - amulet of guardian spirit
Stlth   +            t - ring of protection from cold
HPRegen 0.32/turn    N - ring of magical power
MPRegen 0.17/turn

%: guardian spirit
@: about to teleport
A: sickness immunity, AC +8, negative energy resistance 1, electricity
resistance, torment resistance 1, petrification resistance
a: Renounce Religion, Heroism, Finesse, Duel


You were on level 8 of the Dungeon.
You worshipped Okawaru.
Okawaru was extremely pleased with you.
You visited 2 branches of the dungeon, and saw 9 of its levels.
You also visited: Sewer and Ossuary.

You collected 563 gold pieces.

Inventory:

Hand Weapons
 d - a +1 flail of holy wrath
 l - a +2 spear of freezing
 A - a +3 mace
 F - a +2 heavy mace
 G - a +1 dire flail
 I - a +4 battleaxe
 P - a +5 mace
 S - a +2 flail of protection (weapon)
Missiles
 a - 15 poisoned darts
 b - 60 stones
 e - a javelin
 p - 4 boomerangs of dispersal (quivered)
 H - 3 silver javelins
 O - 5 datura-tipped darts
 Q - 5 boomerangs
Armour
 m - a +0 helmet (worn)
 x - +0 steam dragon scales
 B - a +2 leather armour of fire resistance (worn)
Jewellery
 s - an amulet of guardian spirit (around neck)
 t - a ring of protection from cold (left hand)
 N - a ring of magical power (right hand)
Wands
 h - a wand of acid (9)
 v - a wand of digging (23)
 L - a wand of iceblast (12)
 R - a wand of flame (35)
Scrolls
 c - 2 scrolls of torment {unknown}
 f - 2 scrolls of poison
 i - 3 scrolls of identify
 n - 2 scrolls of fear
 q - a scroll of brand weapon
 r - a scroll of teleportation
 u - 2 scrolls of noise
 y - 2 scrolls of amnesia {unknown}
 J - 2 scrolls of immolation {unknown}
 M - 2 scrolls of blinking
Potions
 g - 3 potions of heal wounds {unknown}
 j - 3 potions of brilliance
 k - a potion of invisibility {unknown}
 o - 3 potions of curing
 w - 3 potions of flight
 z - a potion of lignification {unknown}
 C - 2 potions of attraction {unknown}
 D - a potion of ambrosia {unknown}
 K - a potion of mutation {unknown}


   Skills:
 * Level 10.4 Fighting
 * Level 9.7 Maces & Flails
 - Level 2.2 Polearms
 + Level 6.1 Throwing
 + Level 6.9 Armour
 - Level 2.4 Dodging
 + Level 2.7 Evocations


You had 10 spell levels left.
You didn't know any spells.
Your spell library contained the following spells:

 Spells                   Type           Power      Damage    Failure   Level
 Apportation              Tloc           0%         N/A       41%         1
 Freeze                   Ice            0%         1d3       41%         1
 Frozen Ramparts          Ice            0%         1d1       78%         3
 Hailstorm                Conj/Ice       0%         3d3       78%         3
 Ignite Poison            Fire/Tmut/Pois 0%         N/A       78%         3
 Inner Flame              Hex/Fire       0%         N/A       78%         3
 Flame Wave               Conj/Fire      0%         2d4       99%         4
 Leda's Liquefaction      Hex/Erth       0%         N/A       99%         4
 Sticky Flame             Conj/Fire      0%         2d3       99%         4
 Alistair's Intoxication  Tmut/Pois      0%         N/A       100%        5
 Lee's Rapid Deconstruct  Erth           0%         3d4*      100%        5
 Ignition                 Fire           0%         3d3       100%        8
 Statue Form              Tmut/Erth      Unusable   N/A       N/A         6

Dungeon Overview and Level Annotations

Branches:
Dungeon (8/15)             Temple (1/1) D:4           Sewer (visited)
Ossuary (visited)
   Lair: D:8-11

Altars:
Ashenzari
Elyvilon
Fedhas
Gozag
Hepliaklqana
Makhleb
Nemelex Xobeh
Okawaru
Ru
Vehumet
Wu Jian
Xom
Yredelemnul
Zin
The Shining One

Shops:
D:7 :


Innate Abilities, Weirdness & Mutations

You are immune to sickness and miasma.
Your stone body is resilient. (AC +8)
You are immune to poison.
You resist negative energy. (rN+)
You are resistant to electric shocks. (rElec)
You are resistant to unholy torment.
You are immune to petrification.


Message History

The fire elemental burns you! You resist. The fire elemental barely misses you.
The deep elf pyromancer points at you and mumbles some strange words.
The bolt of fire hits you! You resist.
The bolt of fire misses the fire elemental.
You miss the deep elf pyromancer.
The deep elf pyromancer is almost dead.
The fire elemental hits you. The fire elemental burns you! You resist.
The fire elemental hits you. The fire elemental burns you! You resist.
The deep elf pyromancer barely misses you.
The fire elemental barely misses you. The fire elemental hits you.
The fire elemental burns you! You resist.
* * * LOW HITPOINT WARNING * * *
The deep elf pyromancer casts a spell at you.
The bolt of fire hits you. You resist.
* * * LOW HITPOINT WARNING * * *
The bolt of fire hits the fire elemental.
The fire elemental completely resists.
The fire elemental completely misses you.
The fire elemental hits you. The fire elemental burns you! You resist.
* * * LOW HITPOINT WARNING * * *
You closely miss the deep elf pyromancer.
The deep elf pyromancer is almost dead.
The deep elf pyromancer gestures at you while chanting.
The sticky flame misses you.
The sticky flame hits the fire elemental.
The fire elemental completely resists.
The fire elemental hits you. The fire elemental burns you! You resist.
* * * LOW HITPOINT WARNING * * *
The fire elemental hits you. The fire elemental burns you! You resist.
* * * LOW HITPOINT WARNING * * *
The fire elemental hits you. The fire elemental burns you! You resist.
* * * LOW HITPOINT WARNING * * *
As you read the scroll of teleportation, it crumbles to dust.
You feel strangely unstable.
The fire elemental disappears in a puff of smoke!
The deep elf pyromancer closely misses you.
The fire elemental hits you. The fire elemental burns you! You resist.
* * * LOW HITPOINT WARNING * * *
The fire elemental hits you. The fire elemental burns you! You resist.
You die...

#............# ####...##..###
#..####..## #..# ##..## ##.##
##..## # ##..# ##..#####
######...# ##...... .......e.#
##..... #. .......@E## ##....
#.. #######E§.#### ##.... #..
#.°....######..... #..
##.............<...
##..########...#####..........
#.............## ##'###......
###............## #....#......
#........#######
###.≈..'...... .####...##
#.'..≈.###....


You could see a deep elf pyromancer (fast) and 2 fire elementals.

Vanquished Creatures
  Pikel (D:7)
  Maggie (D:6)
  2 hornets
  Grinder (D:3)
  Sigmund (D:3)
  A slime creature (D:7)
  A yak (D:8)
  2 wraiths (Ossuary)
  Eustachio (D:5)
  2 steam dragons
  Edmund (D:4)
  A water moccasin (D:6)
  Duvessa (D:6)
  An orc warrior (D:7)
  2 sky beasts
  2 black bears
  An ice beast (D:5)
  2 ogres
  A centaur (D:8)
  A lemure (D:7)
  2 phantoms
  Blork the orc (D:6)
  6 bullfrogs
  2 kobold brigands (D:7)
  2 scorpions (D:5)
  19 wights
  Dowan (D:6)
  5 killer bees
  A howler monkey (D:8)
  2 jellies
  6 orc priests
  A gnoll bouda (D:5)
  A hound (D:6)
  3 sleepcaps
  8 orc wizards
  Terence (D:2)
  7 adders
  13 gnolls
  2 shadow imps
  A white imp (D:7)
  2 ufetubi
  An adder zombie (Ossuary)
  A dart slug (D:3)
  17 orcs
  2 endoplasms
  14 giant cockroaches
  8 goblins
  7 hobgoblins
  6 jackals
  12 kobolds
  5 quokkas
  13 ball pythons
  A ball python skeleton (Ossuary)
  6 bats
  13 frilled lizards
  A hobgoblin skeleton (Ossuary)
  A hobgoblin zombie (Ossuary)
  2 kobold zombies (Ossuary)
  An orc zombie (Ossuary)
  4 rats
  2 rat zombies (D:6)
229 creatures vanquished.

Notes
Turn   | Place    | Note
-------+----------+-------------------------------------------
     0 | D:1      | RancidPinata the Gargoyle Gladiator began the quest for the
                  | Orb.
     0 | D:1      | Reached XP level 1. HP: 12/12 MP: 1/1
   204 | D:1      | Reached XP level 2. HP: 18/18 MP: 2/2
   706 | D:1      | Found a faded altar of an unknown god.
   807 | D:1      | Reached XP level 3. HP: 22/22 MP: 3/3
  1128 | D:2      | Reached skill level 3 in Fighting
  1137 | D:2      | Noticed Terence
  1159 | D:2      | Killed Terence
  1160 | D:2      | Reached skill level 1 in Armour
  1222 | D:2      | Reached skill level 1 in Polearms
  1222 | D:2      | Reached XP level 4. HP: 20/28 MP: 4/4
  1503 | D:2      | Found a glowing golden altar of the Shining One.
  1913 | D:3      | Noticed Grinder
  2270 | D:4      | Reached XP level 5. HP: 28/32 MP: 5/5
  2275 | D:5      | Entered Level 5 of the Dungeon
  2504 | D:4      | Found a staircase to the Ecumenical Temple.
  2525 | Temple   | Entered the Ecumenical Temple
  2601 | Temple   | Became a worshipper of Warmaster Okawaru
  2628 | D:4      | Noticed Edmund
  2663 | D:4      | Killed Edmund
  2664 | D:4      | Reached skill level 4 in Fighting
  2664 | D:4      | Reached XP level 6. HP: 15/38 MP: 6/6
  2823 | D:4      | Noticed a sky beast
  2902 | D:3      | Noticed Sigmund
  3050 | D:4      | Reached * piety under Okawaru
  3199 | D:3      | Killed Sigmund
  3200 | D:3      | Reached XP level 7. HP: 34/44 MP: 4/7
  3345 | D:3      | Reached skill level 5 in Fighting
  3643 | D:3      | Paralysed by Grinder for 2 turns
  3648 | D:3      | Killed Grinder
  3649 | D:3      | Reached skill level 5 in Maces & Flails
  4231 | D:4      | Reached ** piety under Okawaru
  4232 | D:4      | Reached XP level 8. HP: 26/51 MP: 8/8
  4323 | D:5      | Noticed Eustachio
  4701 | D:5      | Reached skill level 6 in Fighting
  4940 | D:5      | Killed Eustachio
  5305 | D:4      | Reached skill level 7 in Fighting
  5379 | D:5      | Reached *** piety under Okawaru
  5460 | D:5      | Found a basalt altar of Yredelemnul.
  5721 | D:5      | Reached XP level 9. HP: 57/57 MP: 9/9
  5842 | D:6      | Noticed Maggie
  5857 | D:6      | Killed Maggie
  5899 | D:6      | Noticed Blork the orc
  5908 | D:6      | Killed Blork the orc
  5909 | D:6      | Reached skill level 5 in Armour
  5942 | D:6      | Found a glowing drain.
  5947 | Sewer    | Entered a sewer
  6231 | Sewer    | Reached skill level 8 in Fighting
  6285 | D:6      | Noticed Duvessa
  6285 | D:6      | Noticed Dowan
  6299 | D:6      | Killed Duvessa
  6315 | D:6      | HP: 2/59 [Dowan/shard of ice (11)]
  6316 | D:6      | Killed Dowan
  6429 | D:6      | Found a sand-covered staircase.
  6436 | Ossuary  | Entered an ossuary
  6594 | Ossuary  | Reached skill level 5 in Throwing
  6721 | Ossuary  | Received a gift from Okawaru
  7466 | D:6      | Reached XP level 10. HP: 65/65 MP: 10/10
  7611 | D:6      | Reached skill level 9 in Fighting
  8201 | D:7      | Found Quubbediu's Book Shoppe.
  8427 | D:7      | Noticed Pikel
  8442 | D:7      | Killed Pikel
  8442 | D:7      | Reached **** piety under Okawaru
  8443 | D:7      | Reached skill level 1 in Evocations
 10029 | D:6      | Reached skill level 10 in Fighting
 10062 | D:7      | Reached ***** piety under Okawaru
 10905 | D:8      | Received a gift from Okawaru
 10906 | D:8      | Reached XP level 11. HP: 67/73 MP: 11/11
 11011 | D:8      | Noticed a deep elf pyromancer
 11035 | D:8      | HP: 2/73 [fire elemental[a deep elf pyromancer] (9)]
 11831 | D:8      | HP: 2/73 [fire elemental[a deep elf pyromancer] (2)]
 11831 | D:8      | Slain by a fire elemental

Illustrated notes

Levels and vault maps discovered:
D:1:      lemuel_arrival_tunnels, layout_basic, basic_ecumenical_altar
D:2:      layout_loops_ring, basic_altar, uniq_terence
D:3:      layout_basic, minmay_goblin_outpost, uniq_sigmund, uniq_grinder
D:4:      layout_cave_pods, minmay_temple_entry_overgrown, uniq_edmund
D:5:      layout_loops_ring, lemuel_doored_altar, uniq_eustachio
D:6:      layout_loops_corners, enter_ossuary_4, gup_sewer_entry_bowl,
          uniq_maggie, uniq_blork_the_orc, uniq_duvessa
D:7:      layout_basic, serial_shops, shop, uniq_pikel
D:8:      cheibrodos_fzero, layout_layer_cave, minivault_5,
          kennysheep_generic_room_14, uniq_psyche
Temple:   compressed_dpeg_circular_temple

Skill      XL: |  1  2  3  4  5  6  7  8  9 10 |
---------------+-------------------------------+-----
Throwing       | 2 3 4 5 6 |  6.1
Fighting       | 3 4 5 7 8 10 | 10.4
Armour         | 1 2 3 4 5 6 |  6.9
Polearms       | 1 2 |  2.2
Maces & Flails | 4 5 6 8 9 |  9.7
Evocations     | 2 |  2.7
Dodging        | |  2.4

Action                     |  1- 3 |  4- 6 |  7- 9 | 10-12 || total
---------------------------+-------+-------+-------+-------++-------
  Melee: Flail             |    43 |    29 |   526 |   355 ||   953
         Spear             |    54 |   114 |       |       ||   168
         Punch             |     1 |     1 |     6 |     9 ||    17
  Throw: Throwing net      |       |     4 |     1 |       ||     5
         Stone             |       |     1 |     1 |       ||     2
         Javelin           |       |       |     2 |       ||     2
         Boomerang         |       |       |       |     1 ||     1
 Invoke: Heroism           |       |     1 |     2 |     1 ||     4
    Use: Potion            |       |       |     3 |     3 ||     6
         Scroll            |       |       |     2 |    11 ||    13
   Stab: Held in net/web   |       |     1 |     1 |       ||     2
 Armour: Leather armour    |     7 |       |   223 |    43 ||   273
         Ring mail         |    25 |    80 |    29 |       ||   134
         Steam dragon scal |       |       |       |   190 ||   190
  Dodge: Dodged            |    57 |    93 |   343 |   239 ||   732
